 Dungeon Crawl Stone Soup version 0.31-a0-532-g28f74ba3e5 (webtiles) character file.

Game seed: 18145532777371190082

47200 bobarctor the Lord of Darkness (level 14, -4/110 HPs)
             Began as a Demonspawn Monk on Aug 13, 2023.
             Was the Champion of Kikubaaqudgha.
             Succumbed to barbed spike wounds
             ... on level 5 of the Lair of Beasts.
             The game lasted 01:24:19 (18133 turns).

bobarctor the Lord of Darkness (Demonspawn Monk)   Turns: 18133, Time: 01:24:19

Health: -4/110     AC: 17    Str: 13 (15) XL:     14   Next: 7%
Magic:  21/29      EV: 19    Int: 21 (23) God:    Kikubaaqudgha [******]
Gold:   894        SH:  0    Dex: 19 (20) Spells: 2/35 levels left

rFire   + . .        n - +8 falchion of the Muttering Augurer {freeze, rC+}
rCold   . . .        c - orb {light}
rNeg    . . .        H - +0 troll leather armour
rPois   .            s - +0 helmet
rElec   +            D - +2 cloak
rCorr   .            a - +0 pair of gloves
SInv    +            L - +2 pair of boots {rampage}
Will    ++...        P - amulet "Bantaos" {RegenMP Fragile +Inv rElec Str+5}
Stlth   +            Q - ring of wizardry
HPRegen 1.18/turn    E - ring "Yrrol" {Fire Will+ Dex+5 SInv}
MPRegen 0.61/turn

%: clarity, rampage, wizardry (x1)
@: about to teleport, spiked, sanguine armoured, glowing
A: foul stench 2, sanguine armour 1, condensation shield, demonic touch 2,
clarity, clever 2, deterioration 1
a: Renounce Religion, Evoke Invisibility, Unearth Wretches, Torment


You were on level 5 of the Lair of Beasts.
You worshipped Kikubaaqudgha.
Kikubaaqudgha was exalted by your worship.
You visited 3 branches of the dungeon, and saw 18 of its levels.
You also visited: Volcano.

You collected 1171 gold pieces.
You spent 277 gold pieces at shops.

Inventory:

Hand Weapons
 n - the +8 falchion of the Muttering Augurer (weapon) {freeze, rC+}
   (You found it on level 2 of the Dungeon)

   rC+:       It protects you from cold.
 N - the +3 mace of the Dead {heavy, Fly rC- Str+3}
   (You found it on level 3 of the Lair of Beasts)

   Str+3:     It affects your strength (+3).
   rC-:       It makes you vulnerable to cold.
   Fly:       It grants you flight.
Missiles
 d - 172 stones (quivered)
 f - 9 boomerangs
 o - 4 darts of dispersal
 p - 12 javelins
 q - 3 curare-tipped darts
 A - a throwing net
 C - 53 poisoned darts
Armour
 a - a +0 pair of gloves (worn)
 c - an orb of light (worn)
 s - a +0 helmet (worn)
 D - a +2 cloak (worn)
 H - a +0 troll leather armour (worn)
 L - a +2 pair of boots of rampaging (worn)
 V - a +2 leather armour of fire resistance
Magical Staves
 J - a staff of death
Jewellery
 j - a ring of poison resistance
 z - a +6 ring of strength
 E - the ring "Yrrol" (right hand) {Fire Will+ Dex+5 SInv}
   (You found it on level 4 of the Dungeon)

   [ring of fire]

   Fire:      It enhances your fire magic.
   Dex+5:     It affects your dexterity (+5).
   rF+:       It protects you from fire.
   rC-:       It makes you vulnerable to cold.
   Will+:     It increases your willpower.
   SInv:      It lets you see invisible.
 P - the amulet "Bantaos" (around neck) {RegenMP Fragile +Inv rElec Str+5}
   (You acquired it on level 4 of the Lair of Beasts)

   [amulet of magic regeneration]

   RegenMP:   It increases your rate of magic regeneration.
   Str+5:     It affects your strength (+5).
   rElec:     It insulates you from electricity.
   +Inv:      It lets you turn invisible.
   Fragile:   It will be destroyed if unequipped.
 Q - a ring of wizardry (left hand)
Wands
 i - a wand of roots (31)
 r - a wand of mindburst (5)
 v - a wand of flame (31)
 y - a wand of light (11)
 F - a wand of polymorph (4)
 I - a wand of paralysis (10)
 S - a wand of digging (5)
Scrolls
 g - a scroll of enchant weapon
 m - 2 scrolls of teleportation
 t - a scroll of amnesia
 u - 6 scrolls of identify
 x - 2 scrolls of revelation
 B - a scroll of enchant armour
 K - a scroll of summoning
Potions
 b - 3 potions of ambrosia
 e - 8 potions of curing
 h - a potion of might
 k - 2 potions of magic
 l - 3 potions of brilliance
 w - 3 potions of enlightenment
 G - 2 potions of invisibility
 M - 3 potions of haste
 T - a potion of berserk rage
 X - a potion of cancellation


   Skills:
 + Level 10.1 Fighting
 + Level 11.2 Dodging
 + Level 4.0 Shields
 + Level 5.2 Unarmed Combat
 * Level 11.3 Spellcasting
 * Level 8.4 Hexes
 + Level 1.1 Summonings
 * Level 12.2 Necromancy
 + Level 1.0 Earth Magic


You had 2 spell levels left.
You knew the following spells:

 Your Spells              Type           Power      Damage    Failure   Level
a - Necrotise             Necr           100%       1d9       1%          1
b - Vampiric Draining     Necr           59%        2d10      1%          3
c - Dispel Undead         Necr           59%        3d21      1%          4
d - Anguish               Hex/Necr       26%        N/A       1%          4
e - Sublimation of Blood  Necr           59%        N/A       1%          2
f - Agony                 Necr           59%        N/A       1%          5
g - Cause Fear            Hex            23%        N/A       1%          4
h - Borgnjor's Vile Clut  Necr/Erth      19%        N/A       5%          5
i - Summon Mana Viper     Hex/Summ       31%        N/A       12%         5

Your spell library contained the following spells:

 Spells                   Type           Power      Damage    Failure   Level
 Cigotuvi's Dreadful Rot  Necr/Pois/Air  58%        N/A       1%          2
 Foxfire                  Conj/Fire      68%        2x1d7     2%          1
 Inner Flame              Hex/Fire       44%        N/A       1%          3
 Leda's Liquefaction      Hex/Erth       15%        N/A       4%          4
 Petrify                  Tmut/Erth      14%        N/A       22%         4
 Sticky Flame             Conj/Fire      17%        2d4       26%         4
 Lee's Rapid Deconstruct  Erth           8%         3d7*      45%         5
 Summon Forest            Summ/Tloc      7%         N/A       52%         5
 Enfeeble                 Hex            23%        N/A       56%         7
 Borgnjor's Revivificati  Necr           29%        N/A       73%         8
 Infestation              Necr           29%        N/A       73%         8
 Haunt                    Necr/Summ      20%        N/A       80%         7
 Summon Cactus Giant      Summ           8%         N/A       93%         6
 Leda's Unmaking          Conj/Erth      7%         9d2       96%         6
 Plasma Beam              Fire/Air       8%         2x1d19    98%         6
 Starburst                Conj/Fire      8%         6d4       98%         6
 Death's Door             Necr           29%        N/A       100%        9


Dungeon Overview and Level Annotations

Branches:
Dungeon (12/15)            Temple (1/1) D:4            Lair (5/5) D:10
 Shoals (0/4) Lair:3       Spider (0/4) Lair:3        Slime (0/5) Lair:5
Volcano (visited)
    Orc: D:9-12

Altars:
Ashenzari
Cheibriados
Dithmenos
Fedhas
Gozag
Hepliaklqana
Kikubaaqudgha
Makhleb
Nemelex Xobeh
Okawaru
Qazlal
Ru
Sif Muna
Trog
Uskayaw
Vehumet
Wu Jian
Xom
Yredelemnul

Shops:
D:6 =

Annotations:
D:9 exclusion: obsidian statue
D:10 exclusions: ice statue and obsidian statue


Innate Abilities, Weirdness & Mutations

You sometimes emit foul miasma when damaged in melee.
When seriously injured, your blood forms armour. (AC +6)
A meltable shield of frost defends you. (SH +0)
Your touch may inflict irresistible damage on your foes.
You possess an exceptional clarity of mind.
Your mind is very acute. (Int +8, Str/Dex -2)
Your body sometimes deteriorates upon taking damage.


Message History

You feel sick.
The barbed spikes dig painfully into your body as you move.
You feel sick.
The barbed spikes dig painfully into your body as you move.
You feel sick.
The barbed spikes dig painfully into your body as you move.
You feel sick. The red devil completely misses you.
You slash the red devil! You freeze the red devil.
The red devil is almost dead.
You feel sick.
You are no longer poisoned.
The red devil hits you with a +0 demon trident of venom!!
* * * LOW HITPOINT WARNING * * *
Your body deteriorates!
You feel weakened.
Barbed spikes become lodged in your body.
Okay, then.
Casting: Borgnjor's Vile Clutch (dangerous; 5% risk of failure)
Confirm with . or Enter, or press ? or * to list all spells.
Casting: Cause Fear (mildly dangerous; 1% risk of failure)
Press: ? - help, Dir - look around, f - activate The sun demon easily resists.
The red devil resists with almost no effort.
The ice devil resists with almost no effort.
As you read the scroll of teleportation, it crumbles to dust.
You feel strangely unstable.
The sun demon hits you but does no damage.
The barbed spikes dig painfully into your body as you move.
* * * LOW HITPOINT WARNING * * *
The sun demon hits you.
* * * LOW HITPOINT WARNING * * *
You are engulfed in flames!
You resist.
* * * LOW HITPOINT WARNING * * *
You emit a cloud of foul miasma!
The sun demon attacks as you move away! The sun demon closely misses you.
The barbed spikes dig painfully into your body as you move.
* * * LOW HITPOINT WARNING * * *
The sun demon attacks as you move away! The sun demon closely misses you.
The barbed spikes dig painfully into your body as you move.
You die...
Kikubaaqudgha rasps: "You have failed me!
Welcome... death!"

...♣♣♣.♣..♣.♣♣♣♣♣♣...♣♣♣♣♣♣♣♣.♣..
♣♣♣♣ ♣♣♣♣♣♣♣♣♣ ♣♣♣♣♣ ♣♣♣.♣ ♣
♣♣.♣♣ ♣.♣♣ ♣♣...♣ ♣.♣♣ ♣♣♣p.4.♣
♣♣..♣ ♣♣♣.†♣♣.4♣♣♣ ♣♣....
♣♣♣3.♣♣♣♣♣4..♣♣ ♣♣♣...♣. ♣♣p4♣♣♣
♣♣3..♣♣♣♣ ♣♣♣♣..♣.♣♣♣ ♣♣...♣
♣♣♣@...♣♣♣..†♣♣♣..♣♣ ♣...4♣
♣♣♣...†...♣♣ ♣♣..♣ ###''######
♣♣♣.♣♣.♣♣ ♣♣..
.....†....#########+♣♣♣♣♣ ♣♣♣.
.8...§8...#........ ♣♣..♣
......p...4...8.8.. ♣..♣♣
###########..8.#... ♣♣.♣♣♣
#...8.# . ♣♣..♣ #..#.8... ♣.†.♣♣


You could see a sun demon, an orange demon, an ice devil, a wizard (invisible)
and a red devil.

Vanquished Creatures
  A dire elephant (Lair:5)
  2 hydras
  Fannar (Lair:2)
  A catoblepas (Lair:5)
  Erica (D:8)
  2 two-headed ogres
  6 death yaks
  Urug (D:10)
  2 skysharks
  A deep elf archer (Volcano)
  4 deep elf pyromancers
  A lindwurm (Lair:3)
  An oklob plant (Lair:5)
  12 elephants
  A cyclops (D:12)
  14 cane toads
  2 torpor snails
  3 black mambas
  3 rime drakes
  6 komodo dragons
  3 trolls
  5 polar bears
  A nameless horror (Lair:5)
  A snapping turtle (Lair:3)
  6 blink frogs
  A dream sheep (Lair:5)
  A culicivora (Lair:3)
  2 jumping spiders (Lair:3)
  Sigmund (D:3)
  5 wyverns
  A shadow (D:11)
  45 yaks
  7 fire elementals (Volcano)
  3 basilisks
  2 steam dragons
  An acid dragon (D:9)
  12 water moccasins
  7 hell hounds
  6 orc warriors
  3 black bears
  An ice beast (D:7)
  4 wolves (D:10)
  5 centaurs
  2 phantoms (D:6)
  7 kobold brigands
  6 bullfrogs
  3 scorpions
  11 wights
  7 killer bees (D:9)
  4 howler monkeys
  An electric eel (Lair:5)
  4 orc priests
  5 hounds
  2 gnoll boudas
  7 jellies
  2 sleepcaps
  4 iguanas
  Ijyb (D:5)
  16 orc wizards
  6 gnolls
  9 adders
  A shadow imp (D:7)
  2 white imps
  An ufetubus (D:5)
  2 worms
  3 dart slugs
  43 orcs
  5 bats
  8 endoplasms
  3 giant cockroaches
  9 hobgoblins
  9 jackals (D:3)
  22 kobolds
  9 quokkas
  6 ball pythons
  2 frilled lizards (D:1)
  8 goblins
  4 rats
422 creatures vanquished.

Vanquished Creatures (collateral kills)
  A yak (Lair:5)
1 creature vanquished.

Vanquished Creatures (others)
  A boulder beetle (Lair:1)
  A deep elf pyromancer (Volcano)
  A cane toad (Lair:2)
  2 komodo dragons
  A jumping spider (Lair:3)
  A bullfrog (Lair:4)
7 creatures vanquished.

Grand Total: 430 creatures vanquished

Notes
Turn   | Place    | Note
-------+----------+-------------------------------------------
     0 | D:1      | bobarctor the Demonspawn Monk began the quest for the Orb.
     0 | D:1      | Reached XP level 1. HP: 18/18 MP: 1/1
   161 | D:1      | Found a faded altar of an unknown god.
   164 | D:1      | Prayed at the altar of an unknown god.
   164 | D:1      | Became a worshipper of Kikubaaqudgha
   164 | D:1      | Reached * piety under Kikubaaqudgha
   164 | D:1      | Received a gift from Kikubaaqudgha
   164 | D:1      | Reached ** piety under Kikubaaqudgha
   257 | D:1      | Gained mutation: You may rarely emit foul miasma when
                  | damaged in melee. [demonic ancestry]
   257 | D:1      | Reached XP level 2. HP: 24/24 MP: 2/2
   259 | D:1      | Learned a level 1 spell: Necrotise
   521 | D:1      | Reached *** piety under Kikubaaqudgha
   521 | D:1      | Received a gift from Kikubaaqudgha
   738 | D:1      | Reached XP level 3. HP: 28/29 MP: 4/4
   941 | D:2      | Reached skill level 1 in Spellcasting
  1355 | D:2      | Identified the +8 falchion of the Muttering Augurer
                  | {freeze, rC+}
  1524 | D:3      | Learned a level 3 spell: Vampiric Draining
  1566 | D:3      | Reached XP level 4. HP: 35/35 MP: 5/5
  1648 | D:3      | Reached skill level 1 in Necromancy
  1763 | D:3      | Found a broken altar of Ashenzari.
  1874 | D:3      | Found a shimmering altar of Xom.
  1875 | D:3      | Found a shimmering altar of Xom.
  1876 | D:3      | Found a shimmering altar of Xom.
  1910 | D:3      | Noticed Sigmund
  1916 | D:3      | Killed Sigmund
  1917 | D:3      | Reached XP level 5. HP: 32/41 MP: 5/8
  2021 | D:3      | Reached skill level 2 in Necromancy
  2021 | D:3      | Reached XP level 6. HP: 45/47 MP: 9/9
  2036 | D:3      | Learned a level 4 spell: Dispel Undead
  2284 | D:4      | Found a shadowy altar of Dithmenos.
  2393 | D:4      | Found a staircase to the Ecumenical Temple.
  2401 | Temple   | Entered the Ecumenical Temple
  2403 | Temple   | Reached **** piety under Kikubaaqudgha
  2867 | D:4      | Gained mutation: When seriously injured, your blood forms
                  | armour. (AC +6) [demonic ancestry]
  2867 | D:4      | Reached XP level 7. HP: 51/54 MP: 9/11
  2964 | D:4      | Identified the ring "Yrrol" {Fire Will+ Dex+5 SInv}
  3312 | D:5      | Entered Level 5 of the Dungeon
  3433 | D:5      | Reached skill level 3 in Necromancy
  3467 | D:5      | Reached skill level 5 in Unarmed Combat
  3763 | D:5      | Reached skill level 5 in Dodging
  3763 | D:5      | Reached XP level 8. HP: 44/61 MP: 13/13
  3908 | D:5      | Noticed Ijyb
  3923 | D:5      | Killed Ijyb
  4590 | D:6      | Found Potaorak's Magic Scroll Boutique.
  4822 | D:6      | Bought a scroll of identify for 22 gold pieces
  4822 | D:6      | Bought a scroll of identify for 22 gold pieces
  4822 | D:6      | Bought a scroll of identify for 22 gold pieces
  4822 | D:6      | Bought a scroll of fear for 44 gold pieces
  4822 | D:6      | Bought a scroll of identify for 22 gold pieces
  4822 | D:6      | Bought a scroll of teleportation for 33 gold pieces
  4822 | D:6      | Bought a scroll of identify for 22 gold pieces
  4830 | D:6      | Gained mutation: You are vulnerable to cold. (rC-) [potion
                  | of mutation]
  4843 | D:6      | Reached skill level 4 in Necromancy
  4882 | D:6      | Reached skill level 5 in Fighting
  4937 | D:6      | Found Wops's Jewellery Shop.
  5152 | D:6      | Lost mutation: You are vulnerable to cold. (rC-) [potion of
                  | mutation]
  5152 | D:6      | Gained mutation: You are clumsy. (Dex -2) [potion of
                  | mutation]
  5152 | D:6      | Gained mutation: You are strong-willed. (Will+) [potion of
                  | mutation]
  5153 | D:6      | Lost mutation: You are clumsy. (Dex -2) [potion of
                  | mutation]
  5153 | D:6      | Lost mutation: You are strong-willed. (Will+) [potion of
                  | mutation]
  5153 | D:6      | Gained mutation: You possess an exceptional clarity of
                  | mind. [potion of mutation]
  5153 | D:6      | Gained mutation: Your body sometimes deteriorates upon
                  | taking damage. [potion of mutation]
  5153 | D:6      | Gained mutation: You have hidden genetic potential. [potion
                  | of mutation]
  5176 | D:6      | Learned a level 4 spell: Anguish
  5179 | D:6      | Learned a level 2 spell: Sublimation of Blood
  5424 | D:6      | Reached ***** piety under Kikubaaqudgha
  5431 | D:6      | Identified the +1 ring mail "Rug Peco" {Rampage rPois
                  | Will++ Int-3}
  5460 | D:6      | Reached XP level 9. HP: 55/69 MP: 15/15
  5535 | D:6      | Noticed a two-headed ogre
  5543 | D:6      | Killed a two-headed ogre
  5544 | D:6      | Reached skill level 5 in Necromancy
  5553 | D:6      | Gained mutation: You have an increased reservoir of magic.
                  | (+10% MP) [hidden potential]
  5554 | D:6      | Reached skill level 5 in Spellcasting
  5703 | D:6      | Got Nysmief's Parchment of Transfiguration and Burning
  5790 | D:6      | Reached skill level 1 in Hexes
  5999 | D:7      | Reached skill level 6 in Necromancy
  6566 | D:7      | Gained mutation: A meltable shield of frost defends you.
                  | (SH +0) [demonic ancestry]
  6566 | D:7      | Reached XP level 10. HP: 63/79 MP: 20/20
  6919 | D:8      | Found a bloodstained altar of Trog.
  6975 | D:8      | Found Zin's Purification Station.
  6998 | D:8      | Bought a potion of curing for 90 gold pieces
  7113 | D:8      | Noticed Erica
  7131 | D:8      | Killed Erica
  7137 | D:8      | Gained mutation: Your mind is acute. (Int +4, Str/Dex -1)
                  | [hidden potential]
  7137 | D:8      | Lost mutation: You have hidden genetic potential. [hidden
                  | potential expressed]
  7324 | D:8      | Learned a level 5 spell: Agony
  7636 | D:9      | You fall into a shaft and drop 3 floors!
  7643 | D:12     | Noticed a deep elf pyromancer
  7645 | D:12     | Noticed a cyclops
  7648 | D:12     | Killed a deep elf pyromancer
  7670 | D:12     | Killed a cyclops
  7835 | D:11     | Reached skill level 1 in Shields
  7835 | D:11     | Reached skill level 7 in Necromancy
  7988 | D:10     | Entered Level 10 of the Dungeon
  8031 | D:9      | Reached ****** piety under Kikubaaqudgha
  8281 | D:9      | Reached XP level 11. HP: 74/86 MP: 23/23
  8574 | D:9      | Learned a level 4 spell: Cause Fear
  8618 | D:9      | Identified the amulet of Amog {RegenMP rCorr Str+5 Int-3}
  8703 | D:9      | Noticed an obsidian statue
  8919 | D:9      | Found a stormy altar of Qazlal.
  9056 | D:9      | Lost mutation: You have an increased reservoir of magic.
                  | (+10% MP) [a neqoxec]
  9060 | D:9      | Gained mutation: Your mind is very acute. (Int +8, Str/Dex
                  | -2) [a neqoxec]
  9276 | D:10     | Noticed a two-headed ogre
  9286 | D:10     | Killed a two-headed ogre
  9295 | D:10     | Reached skill level 8 in Necromancy
  9473 | D:10     | Reached skill level 5 in Hexes
  9563 | D:10     | Noticed a +0 dagger
  9563 | D:10     | Noticed a +0 dagger
  9565 | D:10     | Found a hide-covered altar of Uskayaw.
  9567 | D:10     | Noticed Urug
  9580 | D:10     | Killed Urug
  9816 | D:10     | Noticed an obsidian statue
  9976 | D:10     | Found a staircase to the Lair.
 10127 | Lair:1   | Entered Level 1 of the Lair of Beasts
 10655 | Lair:1   | Reached skill level 9 in Necromancy
 10860 | Lair:1   | Noticed a boulder beetle
 10871 | Lair:1   | Killed a boulder beetle
 10872 | Lair:1   | Gained mutation: Your touch may inflict minor irresistible
                  | damage on your foes. [demonic ancestry]
 10872 | Lair:1   | Reached XP level 12. HP: 52/94 MP: 18/24
 10908 | Lair:1   | Found an ornate altar of the Wu Jian Council.
 10908 | Lair:1   | Found a hide-covered altar of Uskayaw.
 11530 | Lair:2   | Reached skill level 10 in Dodging
 11819 | Lair:2   | Noticed Fannar
 11860 | Lair:2   | Killed Fannar
 12469 | Lair:3   | Reached skill level 10 in Necromancy
 12761 | Lair:3   | Identified the +3 mace of the Dead {heavy, Fly rC- Str+3}
 12791 | Lair:3   | Noticed a death yak
 12792 | Lair:3   | Noticed a death yak
 12840 | Lair:2   | Killed a death yak
 13143 | Lair:3   | Killed a death yak
 13224 | Lair:3   | Noticed a death yak
 13224 | Lair:3   | Noticed a death yak
 13224 | Lair:3   | Noticed a death yak
 13249 | Lair:2   | Killed a death yak
 13302 | Lair:3   | Noticed a death yak
 13321 | Lair:2   | Killed a death yak
 13387 | Lair:2   | Killed a death yak
 13388 | Lair:2   | Gained mutation: You sometimes emit foul miasma when
                  | damaged in melee. [demonic ancestry]
 13388 | Lair:2   | Reached XP level 13. HP: 68/101 MP: 21/26
 13648 | Lair:3   | Learned a level 5 spell: Borgnjor's Vile Clutch
 13686 | Lair:3   | Found a hole to the Spider Nest.
 13875 | Lair:3   | Reached skill level 10 in Spellcasting
 13882 | Lair:3   | Reached skill level 11 in Necromancy
 13985 | Lair:3   | Found a staircase to the Shoals.
 14461 | Lair:4   | Identified a scroll of acquirement
 14461 | Lair:4   | Acquired the amulet "Bantaos" {RegenMP Fragile +Inv rElec
                  | Str+5}
 14909 | Lair:4   | Found a dark tunnel.
 14914 | Volcano  | Entered a volcano
 15358 | Lair:1   | Received a gift from Kikubaaqudgha
 16235 | Lair:5   | Entered Level 5 of the Lair of Beasts
 16269 | Lair:4   | Reached skill level 10 in Fighting
 16869 | Lair:5   | Found a staircase to the Slime Pits.
 16935 | Lair:5   | Reached skill level 1 in Earth Magic
 16962 | Lair:5   | Learned a level 5 spell: Summon Mana Viper
 17104 | Lair:5   | Reached skill level 12 in Necromancy
 17454 | Lair:5   | Gained mutation: Your touch may inflict irresistible damage
                  | on your foes. [demonic ancestry]
 17454 | Lair:5   | Reached XP level 14. HP: 108/110 MP: 29/29
 17859 | Lair:5   | HP: 2/110 [oklob plant/splash of acid (16)]
 17991 | Lair:5   | Reached skill level 1 in Summonings
 18132 | Lair:5   | HP: 2/110 [barbs]
 18133 | Lair:5   | Succumbed to barbed spike wounds

Illustrated notes

Levels and vault maps discovered:
D:1:      dpeg_arrival_orchard, layout_loops_cross,
          shapermc_ecumenical_altar_mp_urbaneastern, eino_curves_03,
          st_stairs_1, dk_noncrumbling_3
D:2:      layout_basic, solitary_fountain
D:3:      layout_rooms, xom_redecorated, mainiacjoe_overflow_24_doors,
          uniq_sigmund
D:4:      minmay_chambers_of_twos, layout_basic, mainiacjoe_overflow_boulevard,
          minmay_temple_entry_overgrown, minmay_surrounded
D:5:      layout_loops_cross, tso_metal_star, gup_sewer_entry_spiral,
          nicolae_underground_beach, uniq_ijyb
D:6:      kennysheep_windowed_halls, layout_loops_cross, serial_shops,
          nicolae_shop_overgrown_old_shop, shop, kennysheep_mini_moat,
          chequers_garden
D:7:      layout_basic
D:8:      layout_rooms, trog_hazing_becter, zin_purify, uniq_erica
D:9:      layout_cave_pools, amcnicky_altar_gilded, st_stairs_5,
          minmay_protected_statue
D:10:     minmay_separated_statues, layout_gridville, dancing_weapons_uskayaw,
          lair_entry_dummy, uniq_urug
D:11:     layout_basic
D:12:     layout_loops_ring, orc_0_dummy, minivault_16, uniq_nergalle
Temple:   nicolae_temple_ecumenical_triangle
Lair:1:   layout_chaotic_city, nzn_masters_of_martial_movement,
          lemuel_fruit_tree
Lair:2:   layout_regular_city, chequers_serial_rivers_micro_c, minivault_23,
          hangedman_lair_unloving_vines, cheibrodos_lair_lostbears,
          grunt_megastairs_4, uniq_fannar
Lair:3:   layout_concentric_octagons, minmay_shoals_entry_hut,
          spider_nest_entry_funnel_web, nicolae_lair_lindhole,
          infiniplex_staircase_pool_2
Lair:4:   layout_roguey, enter_volcano_4, pond, infiniplex_staircase_pool,
          grunt_megastairs_2
Lair:5:   evil_forest, layout_cave_pods, nicolae_slime_entry_field_trip,
          serial_bayou_shore_a

Skill      XL: |  1  2  3  4  5  6  7  8  9 10 11 12 13 14 |
---------------+-------------------------------------------+-----
Unarmed Combat | 3 4 5 |  5.2
Dodging        | 3 4 5 6 7 8 9 10 11 | 11.2
Spellcasting   | 1 2 3 4 5 6 8 9 11 | 11.3
Necromancy     | 1 2 3 4 6 7 9 10 12 | 12.2
Fighting       | 4 6 7 8 9 10 | 10.1
Hexes          | 2 4 5 7 8 |  8.4
Shields        | 1 2 3 4 |  4.0
Earth Magic    | 1 |  1.0
Summonings     | 1 |  1.1

Action                     |  1- 3 |  4- 6 |  7- 9 | 10-12 | 13-15 || total
---------------------------+-------+-------+-------+-------+-------++-------
  Melee: Unarmed           |   102 |       |       |       |       ||   102
         Falchion          |    12 |    75 |   253 |   598 |   383 ||  1321
  Throw: Stone             |     2 |       |       |     1 |       ||     3
   Cast: Necrotise         |     4 |     1 |     4 |    40 |    11 ||    60
         Vampiric Draining |       |       |     4 |    51 |    47 ||   102
         Anguish           |       |       |       |    23 |     7 ||    30
         Dispel Undead     |       |       |       |     1 |       ||     1
         Agony             |       |       |       |     1 |       ||     1
         Borgnjor's Vile C |       |       |       |       |    22 ||    22
         Summon Mana Viper |       |       |       |       |     3 ||     3
         Cause Fear        |       |       |       |       |     1 ||     1
 Invoke: Receive Forbidden |       |       |       |       |     1 ||     1
    Use: Scroll            |       |       |    20 |     4 |     7 ||    31
         Potion            |       |       |     4 |       |     1 ||     5
   Stab: Distracted        |       |       |     2 |       |       ||     2
 Armour: Robe              |    11 |    31 |    75 |    77 |       ||   194
         Troll leather arm |       |       |       |   254 |   132 ||   386
  Dodge: Dodged            |    65 |    68 |   268 |   894 |   429 ||  1724
  Block: Orb               |       |       |       |   166 |    60 ||   226

Table legend: (Time is in decaauts)
 A = Elapsed time spent in this place.
 B = Non-inter-level travel time spent in this place.
 C = Inter-level travel time spent in this place.
 D = Time resting spent in this place.
 E = Time spent auto-exploring this place.
 F = Levels seen in this place.
 G = Mean time per level.
                   A        B        C        D        E       F      G
               +--------+--------+--------+--------+--------+-----+--------+
         Total |  18640 |  17791 |    849 |   3655 |   9679 |  19 |  981.1 |
       Dungeon |  10463 |   9854 |    609 |   1356 |   6145 |  12 |  871.9 |
        Temple |     11 |     11 |      0 |      3 |      0 |   1 |   11.0 |
          Lair |   7759 |   7519 |    240 |   2186 |   3495 |   5 | 1551.8 |
       Volcano |    405 |    405 |      0 |    110 |     38 |   1 |  405.0 |
               +--------+--------+--------+--------+--------+-----+--------+

Top non-repeatable levels by time:
  Lair:5: 1860 daAuts
  Lair:3: 1720 daAuts
  Lair:2: 1621 daAuts
  Lair:4: 1479 daAuts
     D:4: 1275 daAuts
     D:5: 1252 daAuts
     D:6: 1235 daAuts
     D:9: 1188 daAuts
    D:10: 1139 daAuts
  Lair:1: 1077 daAuts
     D:7: 958 daAuts
     D:1: 915 daAuts
     D:8: 747 daAuts
     D:3: 726 daAuts
     D:2: 663 daAuts
